 Dungeon Crawl Stone Soup version 0.27.1-33-g824d729ab1 (webtiles) character file.

Game seed: 13327467883513199784

382 Sharkman1231 the Ducker (level 6, -4/50 HPs)
             Began as a Demonspawn Gladiator on Dec 18, 2021.
             Slain by a black bear (6 damage)
             ... on level 3 of the Dungeon.
             The game lasted 00:05:35 (4861 turns).

Sharkman1231 the Ducker (Demonspawn Gladiator)      Turns: 4861, Time: 00:05:35

Health: -4/50      AC: 15    Str: 14    XL:     6   Next: 47%
Magic:  15/15      EV:  7    Int: 10    God:
Gold:   89         SH:  0    Dex: 16    Spells: 5/5 levels left

rFire    . . .     SeeInvis .     - Unarmed
rCold    + . .     Faith    .   (no shield)
rNeg     . . .     Spirit   .   m - +0 chain mail {rC+}
rPois    +         Reflect  .   c - +0 helmet
rElec    .         Harm     .   p - +2 cloak {Will+}
rCorr    .         Rampage  .   (no gloves)
Will     +....                  (no boots)
Stlth    ..........             i - amulet of magic regeneration
HPRegen  0.16/turn              h - ring of magical power
MPRegen  0.39/turn              l - ring of poison resistance

@: no status effects
A: claws 1, yellow scales 2
a: no special abilities


You were on level 3 of the Dungeon.
You visited 1 branch of the dungeon, and saw 4 of its levels.

You collected 89 gold pieces.

Inventory:

Hand Weapons
 a - a +0 long sword
Missiles
 d - a throwing net (quivered)
Armour
 c - a +0 helmet (worn)
 m - a +0 chain mail of cold resistance (worn)
 p - a +2 cloak of willpower (worn)
Jewellery
 h - a ring of magical power (left claw)
 i - an amulet of magic regeneration (around neck)
 l - a ring of poison resistance (right claw)
Scrolls
 e - a scroll of torment
 k - a scroll of enchant armour
 n - a scroll of identify
 o - 2 scrolls of fog {unknown}
Potions
 f - a potion of might


   Skills:
 + Level 4.8 Fighting
 - Level 2.6 Long Blades
 - Level 1.7 Throwing
 + Level 4.9 Dodging
 * Level 1.5 Unarmed Combat


You had 5 spell levels left.
You didn't know any spells.
Your spell library contained the following spells:

 Spells                   Type           Power      Damage    Failure   Level
 Animate Skeleton         Necr           0%         N/A       100%        1
 Pain                     Necr           0%         1d4       100%        1
 Gell's Gravitas          Tloc           0%         N/A       100%        3
 Lesser Beckoning         Tloc           0%         N/A       100%        3
 Teleport Other           Tloc           0%         N/A       100%        3
 Vampiric Draining        Necr           0%         2d6       100%        3


Dungeon Overview and Level Annotations

Branches:
Dungeon (4/15)
 Temple: D:4-7

Altars:
Ru

Shops:
D:1 (

Annotations:
D:4 Robin


Innate Abilities, Weirdness & Mutations

You have sharp fingernails.
You are mostly covered in yellow scales. (AC +3)


Message History

You scratch the black bear.
The black bear is almost dead.
The black bear struggles against the net.
The net rips apart, and the black bear comes free!
The black bear bites you but does no damage.
The black bear claws you but does no damage.
The black bear barely misses you.
Throw: 3 throwing nets
Press: ? - help, Q - select action Shift-Dir - straight line, f/p - black bear
Aim: a black bear (almost dead, berserk, 68% to hit)
You throw a throwing net. The throwing net hits the black bear.
The black bear is caught in the net!
The black bear is almost dead.
The black bear struggles against the net.
You scratch the black bear but do no damage.
The black bear is almost dead.
The black bear struggles against the net. x2
The net rips apart, and the black bear comes free!
You completely miss the black bear.
The black bear is almost dead.
The black bear bites you but does no damage.
The black bear claws you but does no damage. x2
You scratch the black bear.
The black bear is almost dead.
The black bear bites you.
* * * LOW HITPOINT WARNING * * *
The black bear barely misses you. The black bear closely misses you.
The black bear bites you.
* * * LOW HITPOINT WARNING * * *
The black bear closely misses you.
The black bear claws you but does no damage.
Unknown command.
Throw: 2 throwing nets
Press: ? - help, Q - select action Shift-Dir - straight line, f/p - black bear
Aim: a black bear (almost dead, berserk, 68% to hit)
You throw a throwing net.
The throwing net barely misses the black bear.
The black bear bites you but does no damage.
The black bear claws you.
You die...

##.##.....# #.#
#........# #.#####
##.##.....# #.h...#
...##.....# #####.#
########### #.# #
#.# ########## #.#
.........########h#
##.#####.##.....@.#
##.##.......#######
......##.####
##.#####.#
##.#####.#
....[..).#
##########


You could see a black bear (berserk).

Vanquished Creatures
  Sigmund (D:3)
  A killer bee (D:3)
  Crazy Yiuf (D:3)
  An iguana (D:3)
  3 gnolls
  2 adders (D:2)
  A worm (D:2)
  3 dart slugs
  2 orcs (D:3)
  7 ball pythons
  5 endoplasms
  5 giant cockroaches
  5 hobgoblins
  4 jackals (D:4)
  7 kobolds
  2 quokkas (D:3)
  9 bats
  3 frilled lizards
  10 goblins
  7 rats
79 creatures vanquished.

Vanquished Creatures (others)
  A plant (D:4)
1 creature vanquished.

Grand Total: 80 creatures vanquished

Notes
Turn   | Place    | Note
-------+----------+-------------------------------------------
     0 | D:1      | Sharkman1231 the Demonspawn Gladiator began the quest for
                  | the Orb.
     0 | D:1      | Reached XP level 1. HP: 16/16 MP: 1/1
    25 | D:1      | Found Yxaamp's Antique Weapon Shop.
   371 | D:1      | Gained mutation: You are partially covered in yellow
                  | scales. (AC +2) [demonic ancestry]
   371 | D:1      | Reached XP level 2. HP: 11/23 MP: 2/2
   714 | D:1      | Found a faded altar of an unknown god.
  1674 | D:2      | Reached XP level 3. HP: 26/28 MP: 3/3
  2596 | D:2      | Found a sacrificial altar of Ru.
  2865 | D:3      | Reached XP level 4. HP: 34/35 MP: 4/4
  3357 | D:3      | Noticed Sigmund
  3379 | D:3      | Killed Sigmund
  3380 | D:3      | Gained mutation: You have sharp fingernails. [demonic
                  | ancestry]
  3380 | D:3      | Reached XP level 5. HP: 23/43 MP: 5/5
  3637 | D:3      | Found a runed translucent door.
  3638 | D:3      | Noticed Crazy Yiuf
  3963 | D:3      | Killed Crazy Yiuf
  3964 | D:3      | Gained mutation: You are mostly covered in yellow scales.
                  | (AC +3) [demonic ancestry]
  3964 | D:3      | Reached XP level 6. HP: 43/49 MP: 6/6
  4060 | D:4      | Identified the +2 helmet of Gasofomn {rPois rF- rC+++
                  | Dex-4}
  4060 | D:4      | Noticed Robin
  4060 | D:4      | Noticed a sky beast
  4238 | D:3      | Reached skill level 1 in Unarmed Combat
  4860 | D:3      | HP: 2/50 [black bear (4)]
  4861 | D:3      | Slain by a black bear

Illustrated notes

Levels and vault maps discovered:
D:1:      kennysheep_arrival_seaside, layout_basic, serial_shops, shop,
          shapermc_ecumenical_altar_notcrosses, minivault_19,
          minmay_misc_feat_ornament, feat_on_display
D:2:      layout_loops_cross, basic_altar, minmay_goblin_outpost
D:3:      layout_loops_cross, uniq_crazy_yiuf_cottage, uniq_sigmund
D:4:      layout_gridville, gammafunk_temple_overflow_forgotten, uniq_robin

Skill      XL: |  1  2  3  4  5  6 |
---------------+-------------------+-----
Dodging        | 3 4 |  4.9
Fighting       | 3 4 |  4.8
Unarmed Combat | 1 |  1.5
Long Blades    | |  2.6
Throwing       | |  1.7

Action                   |  1- 3 |  4- 6 || total
-------------------------+-------+-------++-------
Melee: Long sword        |   114 |   137 ||   251
       Unarmed           |       |    23 ||    23
Throw: Throwing net      |       |     4 ||     4
  Use: Scroll            |     4 |     4 ||     8
       Potion            |       |     1 ||     1
 Stab: Held in net/web   |       |     1 ||     1
Armor: Leather armour    |    40 |     8 ||    48
       Chain mail        |       |   179 ||   179
Dodge: Dodged            |    85 |   119 ||   204
       Rpst.: Long sword |    28 |    30 ||    58
